 Dungeon Crawl Stone Soup version 0.31-a0-774-g0d66cba (webtiles) character file.

Game seed: 1247598492374341292

5166 QuokkaLover the Cruncher (level 10, -3/60 HPs)
             Began as a Kobold Cinder Acolyte on Sept 17, 2023.
             Was a High Priest of Ignis.
             Slain by a yak (12 damage)
             ... on level 7 of the Dungeon.
             The game lasted 00:18:39 (10818 turns).

QuokkaLover the Cruncher (Kobold Cinder Acolyte)   Turns: 10818, Time: 00:18:40

Health: -3/60      AC:  7    Str: 13    XL:     10   Next: 90%
Magic:  3/16       EV: 15    Int: 18    God:    Ignis [*****.]
Gold:   278        SH:  0    Dex: 11    Spells: 15/17 levels left

rFire   + + .        E - +0 lajatang
rCold   . . .        (shield currently unavailable)
rNeg    . . .        o - +0 leather armour {rC+}
rPois   +            s - +2 helmet
rElec   .            (no cloak)
rCorr   .            (no gloves)
SInv    .            (no boots)
Will    .....        (no amulet)
Stlth   +++          d - ring of poison resistance
HPRegen 0.30/turn    y - ring of fire
MPRegen 0.15/turn

%: no passive effects
@: no status effects
A: small, no large weapons, nightstalker 3
a: Renounce Religion, Fiery Armour, Foxfire Swarm, Rising Flame


You were on level 7 of the Dungeon.
You worshipped Ignis.
Ignis was extremely pleased with you.
You visited 1 branch of the dungeon, and saw 8 of its levels.

You collected 382 gold pieces.
You spent 104 gold pieces at shops.

Inventory:

Hand Weapons
 u - a +1 dagger of venom
 E - a +0 lajatang (weapon)
Missiles
 v - 15 poisoned darts (quivered)
 z - a throwing net {!f}
 D - 5 boomerangs
Armour
 o - a +0 leather armour of cold resistance (worn)
 s - a +2 helmet (worn)
 w - a +0 ring mail
Magical Staves
 a - a staff of poison
Jewellery
 d - a ring of poison resistance (left hand)
 e - a ring of protection from cold
 p - a ring of see invisible
 y - a ring of fire (right hand)
Wands
 f - a wand of flame (20)
Scrolls
 l - 2 scrolls of silence {!r}
 m - a scroll of vulnerability
 r - 4 scrolls of identify
 A - 2 scrolls of enchant weapon
 T - a scroll of teleportation {!r}
Potions
 b - a potion of experience {unknown}
 c - 2 potions of curing {unknown}
 g - a potion of ambrosia {unknown}
 h - a potion of berserk rage {unknown}
 i - 2 potions of invisibility {unknown}
 j - a potion of degeneration {unknown}
 k - 2 potions of heal wounds {!q}
 n - a potion of enlightenment {unknown}
 q - 2 potions of might {unknown}
 t - a potion of haste {unknown}
 C - a potion of magic {unknown}


   Skills:
 - Level 6.0 Fighting
 - Level 2.4(5.3) Polearms
 + Level 8.3(8.5) Staves
 + Level 0.0 Throwing
 - Level 6.0 Armour
 - Level 6.0 Dodging
 - Level 2.0 Stealth
 - Level 4.0 Spellcasting
 - Level 6.0 Fire Magic
 + Level 3.1 Evocations


You had 15 spell levels left.
You knew the following spells:

 Your Spells              Type           Power      Damage    Failure   Level
z - Scorch                Fire           74%        2d8       2%          2

Your spell library contained the following spells:

 Spells                   Type           Power      Damage    Failure   Level
 Poisonous Vapours        Pois/Air       6%         N/A       26%         2
 Mephitic Cloud           Conj/Pois/Air  3%         N/A       47%         3
 Freezing Cloud           Conj/Ice/Air   1%         6-21      99%         5


Dungeon Overview and Level Annotations

Branches:
Dungeon (8/15)             Temple (0/1) D:6            Lair (0/5) D:8

Altars:
Cheibriados
Elyvilon
Fedhas
Gozag
Hepliaklqana
Okawaru
Qazlal
Trog
Wu Jian
Xom
The Shining One

Shops:
D:1 *   D:5 *   D:7 *

Annotations:
D:7 Jeremiah


Innate Abilities, Weirdness & Mutations

You are small and have problems with some larger weapons.
You are completely attuned to the shadows.


Message History

The yak closely misses you. The yak barely misses you.
Unknown command.
Casting: Scorch (safe; 2% risk of failure)
Confirm with . or Enter, or press ? or * to list all spells.
You feel a surge of power!
You miscast Scorch.
You are very lightly contaminated with residual magic.
Nothing appears to happen.
* * * LOW MAGIC WARNING * * *
The yak misses you. The yak completely misses you. The yak misses you.
The yak gores you!
You climb upwards.
Level annotation: Jeremiah
There is a stone staircase leading down here. @3 6 의 대미지, 남은 HP3 = 41/60 hp.
The yak misses you. The yak attacks as it pursues you!
The yak gores you but does no damage.
Your magical contamination has completely faded away.
The yak gores you but does no damage. The yak attacks as it pursues you!
The yak closely misses you.
The yak is no longer more vulnerable to fire. x2
The yak attacks as it pursues you! The yak gores you!
Looks drowsy 체력이 60% 이하.. @2 13 의 대미지, 남은 HP2 = 30/60 hp.
The yak attacks as it pursues you!
The yak gores you! 투명,가속,수호정령 마나물약,지구랏 @ 13 의 대미지, 남은 HP = 17/60 hp.
You closely miss the yak.
The yak is heavily wounded.
The yak gores you! @ 8 의 대미지, 남은 HP = 9/60 hp.
You hit the yak.
The yak is heavily wounded.
The yak barely misses you.
Casting: Scorch (safe; 2% risk of failure)
Confirm with . or Enter, or press ? or * to list all spells.
You feel a surge of power!
Flames lash the yak.
The yak is heavily wounded.
The yak's fire resistance burns away.
The yak gores you!
You die...

#...................# #...
#...................# #...
#..................## ##..
#.........).......## ###
###.......)..[.......## ###.
####.........[.....####..####...
#..............Y#### ##.......#
#............##Y# ##....###
#.......#######@# ##.....#
#.......# #.##### #F.....
#......## #.....# #......
#......# #####.## #......
##......# #...# #......
#......## #...# ##......
#......# #.P.# #....... #......#
#...# #....... #....<## #...#
#.......


You could see 2 yaks.

Vanquished Creatures
  Prince Ribbit (D:8)
  2 trolls
  Grinder (D:4)
  Sigmund (D:2)
  A slime creature (D:8)
  A yak (D:7)
  2 steam dragons (D:6)
  2 water moccasins (D:7)
  Duvessa (D:4)
  An ice beast (D:7)
  2 orc warriors
  3 sky beasts
  A black bear (D:5)
  4 ogres
  A centaur (D:7)
  2 phantoms
  2 kobold brigands
  6 bullfrogs
  5 scorpions
  5 wights
  Dowan (D:4)
  A howler monkey (D:5)
  6 hounds
  2 jellies
  3 orc priests
  A sleepcap (D:8)
  Ijyb (D:4)
  4 iguanas
  5 orc wizards (D:8)
  Robin (D:3)
  8 gnolls
  9 adders
  A white imp (D:6)
  An ufetubus (D:7)
  3 worms
  19 orcs
  3 ball pythons
  8 endoplasms
  A giant cockroach (D:3)
  17 goblins
  15 hobgoblins
  A quokka (D:1)
  3 bats
  6 frilled lizards
  16 kobolds
  3 rats
183 creatures vanquished.

Notes
Turn   | Place    | Note
-------+----------+-------------------------------------------
     0 | D:1      | QuokkaLover the Kobold Cinder Acolyte began the quest for
                  | the Orb.
     0 | D:1      | Reached XP level 1. HP: 14/14 MP: 2/2
     2 | D:1      | Noticed a human
     2 | D:1      | Noticed an elf
     4 | D:1      | Noticed a vampire
     4 | D:1      | Noticed a demigod
     6 | D:1      | Noticed a troll
     6 | D:1      | Noticed a gargoyle
     8 | D:1      | Noticed a ghoul
    10 | D:1      | Noticed a minotaur
    10 | D:1      | Noticed an ogre
    12 | D:1      | Noticed an armataur
    14 | D:1      | Noticed a vine stalker
    14 | D:1      | Noticed a formicid
    16 | D:1      | Noticed a tengu
    18 | D:1      | Noticed a naga
    18 | D:1      | Noticed a draconian
    20 | D:1      | Noticed a demonspawn
    20 | D:1      | Noticed a felid
    22 | D:1      | Noticed a merfolk
    22 | D:1      | Noticed a meteoran
    24 | D:1      | Noticed a spriggan
    24 | D:1      | Noticed a merfolk
    26 | D:1      | Noticed a vine stalker
    26 | D:1      | Noticed a gargoyle
   200 | D:1      | Found Osisuxu's Assorted Antiques.
   230 | D:1      | Reached XP level 2. HP: 19/19 MP: 2/4
   270 | D:1      | Learned a level 2 spell: Scorch
   619 | D:1      | Reached XP level 3. HP: 23/23 MP: 1/6
   968 | D:1      | Found Osisuxu's Assorted Antiques.
  1214 | D:2      | Reached XP level 4. HP: 28/28 MP: 2/7
  1477 | D:2      | Found a snail-covered altar of Cheibriados.
  1738 | D:2      | Reached XP level 5. HP: 32/32 MP: 4/9
  2122 | D:2      | Noticed Sigmund
  2131 | D:2      | Killed Sigmund
  2132 | D:2      | Reached XP level 6. HP: 37/37 MP: 1/10
  2773 | D:3      | Reached XP level 7. HP: 38/43 MP: 0/12
  3108 | D:3      | Noticed Robin
  3249 | D:3      | Killed Robin
  3690 | D:4      | Noticed Ijyb
  3694 | D:4      | Paralysed by Ijyb for 3 turns
  3697 | D:4      | Killed Ijyb
  3808 | D:4      | Noticed Grinder
  3835 | D:3      | Reached skill level 5 in Fighting
  3912 | D:4      | Killed Grinder
  3913 | D:4      | Reached skill level 1 in Staves
  3913 | D:4      | Reached XP level 8. HP: 49/51 MP: 1/14
  4014 | D:4      | Found an iron altar of Okawaru.
  4036 | D:4      | Reached skill level 2 in Staves
  4141 | D:4      | Noticed Dowan
  4141 | D:4      | Noticed Duvessa
  4183 | D:4      | Killed Dowan
  4185 | D:4      | Killed Duvessa
  4186 | D:4      | Reached skill level 3 in Staves
  4310 | D:4      | Reached skill level 1 in Dodging
  4320 | D:3      | Reached skill level 1 in Armour
  4795 | D:4      | Found a glowing golden altar of the Shining One.
  5154 | D:5      | Entered Level 5 of the Dungeon
  5223 | D:5      | Found Emitsije's Assorted Antiques.
  5228 | D:5      | Bought a fluorescent wand for 104 gold pieces
  5241 | D:5      | Reached XP level 9. HP: 55/55 MP: 10/15
  5386 | D:5      | Found a hazy altar of Hepliaklqana.
  6006 | D:5      | Reached skill level 4 in Staves
  6006 | D:5      | Reached skill level 5 in Dodging
  6650 | D:6      | Found a shimmering altar of Xom.
  7011 | D:6      | Found a staircase to the Ecumenical Temple.
  7321 | D:6      | Found a stormy altar of Qazlal.
  7481 | D:6      | Reached skill level 5 in Staves
  8111 | D:7      | Reached XP level 10. HP: 60/60 MP: 11/16
  8197 | D:7      | Reached skill level 5 in Armour
  8496 | D:7      | Reached skill level 6 in Staves
  8640 | D:7      | Found an opulent altar of Gozag.
  8645 | D:7      | Found Gozag's Platinum Reserve.
  9175 | D:7      | Reached skill level 7 in Staves
  9464 | D:7      | Found a blossoming altar of Fedhas.
  9468 | D:7      | Found a snail-covered altar of Cheibriados.
  9470 | D:7      | Found a white marble altar of Elyvilon.
  9471 | D:7      | Found a faded altar of an unknown god.
  9476 | D:7      | Found an ornate altar of the Wu Jian Council.
  9524 | D:7      | Noticed Jeremiah
  9530 | D:7      | Found a bloodstained altar of Trog.
  9567 | D:8      | Noticed Prince Ribbit
  9792 | D:8      | Noticed a fire crab
  9794 | D:8      | Found a staircase to the Lair.
  9803 | D:8      | Reached skill level 1 in Evocations
  9806 | D:8      | Reached skill level 8 in Staves
  9852 | D:8      | Killed Prince Ribbit
  9978 | D:8      | HP: 2/60 [fire crab (4)]
 10254 | D:8      | Reached skill level 1 in Stealth
 10818 | D:7      | Slain by a yak

Illustrated notes

Levels and vault maps discovered:
D:1:      kb_arrival_jail, layout_basic, serial_shops, shop
D:2:      layout_basic, basic_altar, uniq_sigmund
D:3:      layout_basic, uniq_robin
D:4:      layout_rooms, okawaru_trees_1, tso_oasis_becter,
          hangedman_decor_lopped, uniq_duvessa, uniq_grinder, uniq_ijyb
D:5:      layout_loops_corners, worldfamousw_hep_ancestral_shrine, serial_shops,
          shop, hangedman_decor_points
D:6:      cheibrodos_steamvent, layout_loops_corners,
          nicolae_qazlal_beasts_of_the_sky, lemuel_coloured_pillars_altar,
          minmay_temple_entry_nine_rooms, nicolae_elevator_lobby_plus
D:7:      layout_cave_pods, mainiacjoe_overflow_boulevard,
          chequers_temple_overflow_minitemple, nicolae_gozag_zags_fifth_avenue,
          uniq_jeremiah
D:8:      layout_cave_pools, mainiacjoe_overflow_two_lobes,
          kennysheep_mini_moat, minmay_lair_entry_lava, serial_shops,
          nicolae_lakefront_shop, uniq_prince_ribbit1

Skill      XL: |  1  2  3  4  5  6  7  8  9 10 |
---------------+-------------------------------+-----
Spellcasting   | 2 3 4 |  4.0
Fire Magic     | 4 6 |  6.0
Fighting       | 4 6 |  6.0
Staves         | 1 3 5 8 |  8.3
Dodging        | 4 6 |  6.0
Armour         | 2 4 6 |  6.0
Evocations     | 3 |  3.1
Stealth        | 2 |  2.0
Polearms       | |  2.4

Action                     |  1- 3 |  4- 6 |  7- 9 | 10-12 || total
---------------------------+-------+-------+-------+-------++-------
  Melee: Spear             |    55 |    41 |    95 |       ||   191
         Punch             |       |       |     3 |       ||     3
         Scimitar          |       |       |    12 |       ||    12
         Dagger            |       |       |     8 |       ||     8
         Short sword       |       |       |     2 |       ||     2
         Lajatang          |       |       |    48 |   102 ||   150
  Throw: Dart              |       |       |       |     7 ||     7
   Cast: Scorch            |    11 |    33 |   114 |    88 ||   246
  Evoke: Wand              |       |       |     2 |    10 ||    12
    Use: Scroll            |       |       |     4 |     3 ||     7
         Potion            |       |       |       |     1 ||     1
   Stab: Sleeping          |     6 |     4 |     6 |     2 ||    18
         Paralysed         |       |       |     8 |     5 ||    13
 Armour: Robe              |    10 |    18 |    51 |       ||    79
         Ring mail         |       |       |    88 |     7 ||    95
         Leather armour    |       |       |       |   118 ||   118
  Dodge: Dodged            |    24 |    17 |   157 |   158 ||   356

Table legend: (Time is in decaauts)
 A = Elapsed time spent in this place.
 B = Non-inter-level travel time spent in this place.
 C = Inter-level travel time spent in this place.
 D = Time resting spent in this place.
 E = Time spent auto-exploring this place.
 F = Levels seen in this place.
 G = Mean time per level.
                   A        B        C        D        E       F      G
               +--------+--------+--------+--------+--------+-----+--------+
         Total |  10829 |  10677 |    152 |    119 |   9047 |   8 | 1353.6 |
       Dungeon |  10829 |  10677 |    152 |    119 |   9047 |   8 | 1353.6 |
               +--------+--------+--------+--------+--------+-----+--------+

Top non-repeatable levels by time:
     D:6: 1717 daAuts
     D:7: 1557 daAuts
     D:3: 1452 daAuts
     D:2: 1298 daAuts
     D:4: 1241 daAuts
     D:8: 1207 daAuts
     D:5: 1195 daAuts
     D:1: 1160 daAuts
